 Dungeon Crawl Stone Soup version 0.27.1-15-g792fb953b9 (webtiles) character file.

Game seed: 11890116454607199880

44 croobank the Caller (level 3, -3/24 HPs)
             Began as a Barachi Summoner on Nov 19, 2021.
             Slain by a gnoll (6 damage)
             ... on level 2 of the Dungeon.
             The game lasted 00:17:20 (2017 turns).

croobank the Caller (Barachi Summoner)              Turns: 2017, Time: 00:17:21

Health: -3/24      AC:  2    Str: 10    XL:     3   Next: 62%
Magic:  2/7        EV: 12    Int: 15    God:
Gold:   18         SH:  0    Dex: 12    Spells: 6/7 levels left

rFire    . . .     SeeInvis .   e - +0 trident
rCold    . . .     Faith    .   (no shield)
rNeg     . . .     Spirit   .   a - +0 robe
rPois    .         Reflect  .   (no helmet)
rElec    .         Harm     .   (no cloak)
rCorr    .         Rampage  .   (no gloves)
Will     .....                  (no boots)
Stlth    ++........             (no amulet)
HPRegen  0.08/turn              (no ring)
MPRegen  0.10/turn              (no ring)

@: unable to hop, very slightly contaminated, invisible, slow
A: amphibious, slowness 1, strong legs 1, +LOS
a: Hop


You were on level 2 of the Dungeon.
You visited 1 branch of the dungeon, and saw 3 of its levels.

You collected 60 gold pieces.
You spent 42 gold pieces at shops.

Inventory:

Hand Weapons
 d - a +0 dagger
 e - a +0 trident (weapon)
Missiles
 c - 21 stones
 h - 6 boomerangs
Armour
 a - a +0 robe (worn)
 j - a +0 chain mail
Potions
 b - a potion of flight {unknown}
 f - a potion of mutation {unknown}
 g - a potion of invisibility
 i - a potion of degeneration {unknown}


   Skills:
 + Level 0.1 Fighting
 + Level 0.6 Polearms
 + Level 2.3 Dodging
 + Level 2.1 Stealth
 + Level 2.8 Spellcasting
 + Level 5.4 Summonings


You had 6 spell levels left.
You knew the following spells:

 Your Spells              Type           Power      Damage    Failure   Level
a - Summon Small Mammal   Summ           72%        N/A       2%          1

Your spell library contained the following spells:

 Spells                   Type           Power      Damage    Failure   Level
 Call Imp                 Summ           18%        N/A       3%          2
 Call Canine Familiar     Summ           18%        N/A       6%          3
 Summon Guardian Golem    Hex/Summ       10%        N/A       21%         3
 Inner Flame              Hex/Fire       2%         N/A       52%         3
 Summon Lightning Spire   Summ/Air       10%        N/A       54%         4
 Cause Fear               Hex            1%         N/A       90%         4
 Discord                  Hex            1%         N/A       100%        8


Dungeon Overview and Level Annotations

Branches:
Dungeon (3/15)

Altars:

Shops:
D:1 !

Annotations:
D:3 Ijyb


Innate Abilities, Weirdness & Mutations

You are amphibious.
You cover ground slowly.
You can hop short distances.
You have an extended range of vision and can be seen from far away.


Message History

You climb downwards.
The orc shouts! x3; You hear a shout!
Found four items.
There is a stone staircase leading up here.
Press: ? - help, v - describe, . - travel
Here: Ijyb, wielding a +0 dagger, wearing a +0 ring mail and carrying a wand of iceblast (9) (wandering, hasn't noticed you)
The floor.
You climb upwards.
You are ready to hop once more.
The gnoll hits you with a +0 whip.
* * * LOW HITPOINT WARNING * * *
There is a stone staircase leading down, spattered with blood here.
Hop to where?
Press: ? - help, Dir - move target Boing!
You feel better. The gnoll hits you with a +0 whip.
You feel better. The gnoll hits you with a +0 whip.
You closely miss the gnoll.
The gnoll is severely wounded.
You hit the gnoll.
You kill the gnoll!
You hit the gnoll but do no damage.
The gnoll is severely wounded.
The gnoll hits you with a +0 whip.
* * * LOW HITPOINT WARNING * * *
You hit the gnoll.
The gnoll is almost dead.
The gnoll hits you with a +0 whip.
* * * LOW HITPOINT WARNING * * *
The gnoll barely misses you.
You see here a +0 trident.
Casting: Summon Small Mammal (safe; 2% risk of failure)
Confirm with . or Enter, or press ? or * to list all spells.
You miscast Summon Small Mammal.
You are very lightly contaminated with residual magic.
Nothing appears to happen.
The gnoll barely misses you.
It was a potion of invisibility.
You fade into invisibility!
The gnoll hits you with a +0 whip.
You die...

###### ###....... ######
#.........# #....#
#.#.#.#.#.## #.##g#
#........... #>##@#
#.#.#.#.#.# #.##.#
#.........#
#.##.#####.#.#.#.#.#
#[##.).....†.......##
#.########.#.#.#.#...
#....gg..............
#####.########..#....###.
#.....##... ##......# #.
#.###.##.# #.####.###.


You could see a gnoll.

Vanquished Creatures
  2 gnolls (D:2)
  A worm (D:2)
  A ball python (D:2)
  2 giant cockroaches (D:1)
  3 hobgoblins (D:1)
  A quokka (D:1)
  A bat (D:1)
  3 frilled lizards (D:1)
  A goblin (D:1)
  4 kobolds (D:1)
19 creatures vanquished.

Vanquished Creatures (collateral kills)
  An orc (D:2)
  2 ball pythons (D:1)
  An endoplasm (D:1)
  4 hobgoblins (D:1)
  2 bats (D:1)
  2 frilled lizards (D:1)
  2 kobolds (D:1)
  A rat (D:1)
15 creatures vanquished.

Grand Total: 34 creatures vanquished

Notes
Turn   | Place    | Note
-------+----------+-------------------------------------------
     0 | D:1      | croobank the Barachi Summoner began the quest for the Orb.
     0 | D:1      | Reached XP level 1. HP: 13/13 MP: 3/3
   281 | D:1      | Reached skill level 5 in Summonings
   352 | D:1      | Reached XP level 2. HP: 14/19 MP: 1/5
   728 | D:1      | Found Urcha's Distillery.
   772 | D:1      | Bought a potion of curing for 42 gold pieces
  1712 | D:1      | Reached XP level 3. HP: 20/24 MP: 2/7
  2002 | D:3      | Noticed Ijyb
  2004 | D:2      | HP: 1/24 [gnoll (6)]
  2017 | D:2      | Slain by a gnoll

Illustrated notes

Levels and vault maps discovered:
D:1:      roderic_crossed_star, layout_loops_ring, serial_shops, shop_statue
D:2:      layout_loops_ring, glass_columns_c, minmay_joined_circles
D:3:      layout_rooms, hellmonk_ecumenical_altar_arch_garden, uniq_ijyb,
          uniq_robin

Skill      XL: |  1  2  3 |
---------------+----------+-----
Summonings     | 5 |  5.4
Stealth        | 2 |  2.1
Fighting       | |  0.1
Polearms       | |  0.6
Dodging        | |  2.3
Spellcasting   | |  2.8

Action                   || total
-------------------------++-------
Melee: Dagger            ||    12
       Unarmed           ||     4
       Trident           ||    66
 Cast: Summon Small Mamm ||    47
 Abil: Hop               ||     3
  Use: Potion            ||     4
 Stab: Sleeping          ||     3
Armor: Robe              ||    23
Dodge: Dodged            ||    68
